 Dungeon Crawl Stone Soup version 0.25-a0-865-gd392131cc7 (webtiles) character file.

Game seed: 16009512829363106995, levelgen mode: deterministic

1554 Anathary the Cutter (level 8, 0/37 HPs)
             Began as a Vine Stalker Fighter on Apr 30, 2020.
             Was a Follower of Hepliaklqana.
             Slain by a gnoll
             ... wielding a +0 spear
              (3 damage)
             ... on level 7 of the Dungeon.
             The game lasted 00:24:07 (4538 turns).

Anathary the Cutter (Vine Stalker Fighter)          Turns: 4538, Time: 00:24:07

Health: 0/37       AC:  6    Str: 19    XL:     8   Next: 88%
Magic:  0/9        EV:  9    Int:  9    God:    Hepliaklqana [*.....]
Gold:   396        SH: 12    Dex: 16    Spells: 7/7 levels left

rFire    + + +     SeeInvis .   g - +3 short sword (speed)
rCold    . . .     Gourm    .   c - +2 kite shield
rNeg     . . .     Faith    .   n - +2 scale mail of Qeczib {+Inv rF++ rC- Int+3}
rPois    .         Spirit   +   (no helmet)
rElec    .         Reflect  .   q - scarf {rC+ rF+}
rCorr    .         Harm     .   (no gloves)
MR       +....                  (no boots)
Stlth    ..........             j - amulet of regeneration
HPRegen  0.92/turn              h - -3 ring of protection (curse)
MPRegen  0.11/turn              p - ring of protection from fire

@: no status effects
A: reduced essence, fangs 3, talons 1, blurry vision 1, dopey 1, regeneration 1,
magic shield, antimagic bite, no potion heal 3, rot immunity
a: Recall Ancestor, Ancestor Identity, Renounce Religion, Evoke Invisibility


You were on level 7 of the Dungeon.
You worshipped Hepliaklqana.
Hepliaklqana was aware of your devotion.
You were not hungry.

You visited 2 branches of the dungeon, and saw 8 of its levels.

You collected 396 gold pieces.

Inventory:

Hand Weapons
 a - a +0 long sword
 g - a +3 short sword of speed (weapon)
 o - a +3 dagger
Armour
 b - a +0 scale mail
 c - a +2 kite shield (worn)
 n - the +2 scale mail of Qeczib (worn) {+Inv rF++ rC- Int+3}
   (You found it on level 4 of the Dungeon)

   It affects your intelligence (+3).
   It greatly protects you from fire.
   It makes you vulnerable to cold.
   It lets you turn invisible.
 q - a scarf of resistance (worn)
Jewellery
 h - a cursed -3 ring of protection (left hand)
 j - an amulet of regeneration (around neck)
 l - an uncursed ring of protection from magic
 p - a ring of protection from fire (right hand)
 w - a +3 ring of protection
 y - an uncursed ring of fire {unknown}
Wands
 k - a wand of flame (22)
Scrolls
 t - a scroll of teleportation {unknown}
 v - 2 scrolls of amnesia
 x - a scroll of identify
Potions
 d - 2 potions of might
 e - 2 potions of magic
 i - 4 potions of haste
 m - a potion of resistance
 r - a potion of berserk rage
 s - 2 potions of curing
 u - a potion of heal wounds {unknown}
 z - a potion of stabbing {unknown}
Comestibles
 f - 7 rations


   Skills:
 + Level 4.5 Fighting
 + Level 5.7(5.8) Short Blades
 - Level 1.8(4.0) Long Blades
 + Level 4.6 Armour
 + Level 2.0 Dodging
 - Level 1.0 Stealth
 + Level 5.4 Shields


You had 7 spell levels left.
You didn't know any spells.
Your spell library contained the following spells:

 Spells                   Type           Power        Failure   Level  Hunger
 Confusing Touch          Hex            #.......     100%        3    ####...
 Gell's Gravitas          Tloc           #.........   100%        3    ####...
 Petrify                  Tmut/Erth      #.......     100%        4    #####..
 Metabolic Englaciation   Hex/Ice        #.........   100%        5    ######.
 Yara's Violent Unravell  Hex/Tmut       #.........   100%        5    ######.


Dungeon Overview and Level Annotations

Branches:
Dungeon (7/15)             Temple (1/1) D:5

Altars:
Dithmenos
Elyvilon
Fedhas
Gozag
Hepliaklqana
Makhleb
Nemelex Xobeh
Okawaru
Qazlal
Ru
Sif Muna
Uskayaw
Vehumet
Wu Jian
Xom
Yredelemnul
Zin
The Shining One

Shops:
D:4 *   D:5 }   D:7 (=


Innate Abilities, Weirdness & Mutations

You have razor-sharp teeth.
Your natural rate of healing is unusually fast.
When hurt, damage is shared between your health and your magic reserves.
Your bite disrupts and absorbs the magic of your enemies.
Potions cannot restore your health.
You are immune to rotting.
Your life essence is reduced to manifest your ancestor. (-10% HP)
You have sharp toenails.
Scrolls take you a little longer to read.
You are dopey. (Int -2)


Message History

You hit the gnoll. Your kick misses the gnoll. Your bite misses the gnoll.
The gnoll is moderately wounded.
The gnoll hits you with a +0 whip.
The orc priest barely misses Bojana.
You hit the gnoll.
The gnoll is heavily wounded.
Bojana hits the orc priest but does no damage.
The gnoll hits you but does no damage. You block the gnoll's attack.
You hit the gnoll. Your kick misses the gnoll. Your bite misses the gnoll.
The gnoll is severely wounded.
You block the gnoll's attack.
The orc priest mumbles some strange prayers to Beogh against you.
Beogh smites you!
* * * LOW HITPOINT WARNING * * *
The gnoll hits you from afar with a +0 spear.
* * * LOW HITPOINT WARNING * * *
Bojana hits the orc priest but does no damage.
You hit the gnoll.
You kill the gnoll!
The gnoll hits you from afar with a +0 spear.
You die...

........ ...... . ........
...... ....#.....##......
..........#........
..........#.......o
...........#†.)#
........###o...#...
........g)Ro........
.............##@..[......
.....##......g'..........
...............#..........
...............####.......
....#....####.#####.######
....#................
....##.......#........
...........∩..........#
....#...#....#.......


You could see the friendly Bojana the ancestor, an orc priest, 2 gnolls and an
orc.

Vanquished Creatures
  An ice beast (D:5)
  A sky beast (D:5)
  An orc warrior (D:6)
  A centaur (D:5)
  2 scorpions
  2 howler monkeys (D:7)
  4 crimson imps (D:4)
  2 hounds
  A quasit (D:6)
  Crazy Yiuf (D:5)
  A bullfrog skeleton (D:7)
  2 orc priests
  4 orc wizards
  A gnoll shaman (D:7)
  An iguana (D:6)
  Natasha (twice) (D:2)
  5 worker ants
  A hound zombie (D:6)
  2 worker ant zombies
  5 adders
  2 gnolls (D:7)
  A shadow imp (D:6)
  An adder zombie (D:7)
  3 adder skeletons
  2 dart slugs (D:1)
  3 leopard geckos
  19 orcs
  7 bats
  5 giant cockroaches
  12 goblins
  5 hobgoblins
  3 jackals (D:7)
  A quokka (D:4)
  3 ball pythons
  8 frilled lizards
  8 kobolds
  A leopard gecko skeleton (D:4)
  A leopard gecko zombie (D:5)
  5 rats
130 creatures vanquished.

Vanquished Creatures (collateral kills)
  A bullfrog (D:6)
  A quasit (D:7)
  4 orcs
  A jackal (D:7)
7 creatures vanquished.

Vanquished Creatures (others)
  Robin (D:2)
  2 ancestors
  An orc (D:4)
  A ball python (D:5)
5 creatures vanquished.

Grand Total: 142 creatures vanquished

Notes
Turn   | Place    | Note
-------+----------+-------------------------------------------
     0 | D:1      | Anathary the Vine Stalker Fighter began the quest for the
                  | Orb.
     0 | D:1      | Reached XP level 1. HP: 11/11 MP: 2/2
   409 | D:1      | Reached XP level 2. HP: 6/16 MP: 1/3
  1100 | D:2      | Reached XP level 3. HP: 17/20 MP: 4/4
  1156 | D:2      | Found a faded altar of an unknown god.
  1213 | D:2      | Found a glowing golden altar of the Shining One.
  1229 | D:2      | Noticed Natasha
  1242 | D:2      | Killed Natasha
  1242 | D:2      | Gained mutation: Your natural rate of healing is unusually
                  | fast. [Vine Stalker growth]
  1242 | D:2      | Reached XP level 4. HP: 14/24 MP: 5/5
  1274 | D:2      | Reached skill level 1 in Short Blades
  1277 | D:2      | Noticed Robin
  1280 | D:2      | Killed Robin
  1525 | D:2      | Noticed Natasha
  1540 | D:2      | Killed Natasha
  1540 | D:2      | Reached XP level 5. HP: 28/28 MP: 6/6
  1721 | D:3      | Reached skill level 1 in Stealth
  1878 | D:3      | Reached XP level 6. HP: 32/32 MP: 7/7
  2009 | D:3      | Found a sacrificial altar of Ru.
  2060 | D:3      | Found a sparkling altar of Nemelex Xobeh.
  2314 | D:4      | Found Reafum's Assorted Antiques.
  2446 | D:4      | Found a hide-covered altar of Uskayaw.
  2480 | D:4      | Got a polished scale mail
  2491 | D:4      | Identified the +2 scale mail of Qeczib {+Inv rF++ rC-
                  | Int+3} (You found it on level 4 of the Dungeon)
  2551 | D:4      | Found a shimmering altar of Xom.
  2580 | D:4      | Reached skill level 1 in Dodging
  2580 | D:4      | Reached XP level 7. HP: 35/36 MP: 8/8
  2930 | D:5      | Entered Level 5 of the Dungeon
  3145 | D:5      | Gained mutation: Scrolls take you a little longer to read.
                  | [potion of mutation]
  3145 | D:5      | Gained mutation: You are dopey. (Int -2) [potion of
                  | mutation]
  3145 | D:5      | Gained mutation: You have sharp toenails. [potion of
                  | mutation]
  3207 | D:5      | Found a staircase to the Ecumenical Temple.
  3223 | D:5      | Gained mutation: You have razor-sharp teeth. [Vine Stalker
                  | growth]
  3223 | D:5      | Reached XP level 8. HP: 41/42 MP: 7/9
  3233 | Temple   | Entered the Ecumenical Temple
  3266 | Temple   | Became a worshipper of Hepliaklqana the Forgotten
  3401 | D:5      | Found a sacrificial altar of Ru.
  3457 | D:5      | Found Duchyw Icsu's Gadget Shop.
  3533 | D:5      | Found a radiant altar of Vehumet.
  3556 | D:5      | Found a runed translucent door.
  3557 | D:5      | Noticed Crazy Yiuf
  3571 | D:5      | Killed Crazy Yiuf
  3851 | D:6      | Reached * piety under Hepliaklqana
  3891 | D:6      | Reached skill level 5 in Short Blades
  3910 | D:6      | Found an opulent altar of Gozag.
  3918 | D:6      | Reached skill level 5 in Shields
  4397 | D:7      | Found Etuivy's Weapon Emporium.
  4399 | D:7      | Found Gaoqao's Jewellery Boutique.
  4538 | D:7      | Slain by a gnoll

Levels and vault maps discovered:
D:1:      sevenhm_arrival_forest_fort_small_4, layout_basic, corner_web_ring
D:2:      layout_basic, lemuel_coloured_pillars_altar,
          chequers_ecumenical_altar_simple_redux, uniq_robin, uniq_natasha
D:3:      layout_rooms, nemelex_altar_shiori, marbit_many_paths, first_ration
D:4:      layout_rooms, kennysheep_mini_moat, serial_shops, shop,
          chequers_serial_rivers_small_b, led_xom_imps
D:5:      layout_gridville, vehumet_altar_wand_db,
          minmay_temple_entry_purple_smoke, serial_shops, shop,
          nicolae_ru_path_of_blood, uniq_crazy_yiuf_cottage
D:6:      layout_basic, nicolae_gozag_seed_capital, minivault_25
D:7:      lemuel_ice_statue, layout_basic, kennysheep_mini, serial_shops, shop,
          shop, nicolae_shop_behind_doors,
          nicolae_shop_temple_entry_statues_fountains, the_bakery
Temple:   minmay_temple_bridge_abc

Skill      XL: |  1  2  3  4  5  6  7  8 |
---------------+-------------------------+-----
Shields        | 3 4 5 |  5.4
Fighting       | 3 4 |  4.5
Armour         | 3 4 |  4.6
Short Blades   | 1 2 3 4 5 |  5.7
Stealth        | 1 |  1.0
Dodging        | 1 2 |  2.0
Long Blades    | |  1.8

Action                   |  1- 3 |  4- 6 |  7- 9 || total
-------------------------+-------+-------+-------++-------
Melee: Long sword        |    20 |       |       ||    20
       Bite              |    13 |    52 |    73 ||   138
       Short sword       |    46 |   194 |   256 ||   496
       Kick              |       |       |    40 ||    40
  Use: Scroll            |       |     5 |    13 ||    18
       Potion            |       |       |     1 ||     1
 Stab: Distracted        |       |       |     1 ||     1
  Eat: Ration            |     1 |     1 |     2 ||     4
Armor: Scale mail        |    23 |    52 |    68 ||   143
Dodge: Dodged            |    21 |    34 |    60 ||   115
Block: Kite shield       |    20 |    86 |   122 ||   228

Table legend:
 A = Non-vault XP
 B = Vault XP
 C = Vault XP percentage of total XP
 D = Non-vault monster count
 E = Vault monster count
 F = Vault count percentage of total count
                 A         B        C        D         E       F
            +---------+---------+-------+---------+---------+-------
      Total |    1914 |     306 |  13.8 |     120 |      19 |  13.7
            +---------+---------+-------+---------+---------+-------
        D:1 |      29 |       0 |   0.0 |      16 |       0 |   0.0
        D:2 |      88 |      67 |  43.2 |      13 |      12 |  48.0
        D:3 |     215 |       2 |   0.9 |      31 |       1 |   3.1
        D:4 |     126 |     194 |  60.6 |      10 |       4 |  28.6
        D:5 |     569 |      43 |   7.0 |      16 |       2 |  11.1
        D:6 |     410 |       0 |   0.0 |      12 |       0 |   0.0
        D:7 |     477 |       0 |   0.0 |      22 |       0 |   0.0
            +---------+---------+-------+---------+---------+-------
